 Dungeon Crawl Stone Soup version 0.19-a0-36-g4a0968a (webtiles) character file.

254 FitzyFitz the Gusty (level 6, 32/32 HPs)
             Began as a Tengu Air Elementalist on May 3, 2016.
             Got out of the dungeon alive.
             The game lasted 00:10:51 (3667 turns).

FitzyFitz the Gusty (Tengu Air Elementalist)        Turns: 3667, Time: 00:10:52

Health: 32/32      AC:  4    Str:  8      XL:     6   Next: 15%
Magic:  10/10      EV: 11    Int: 17      God:
Gold:   92         SH:  0    Dex: 11 (15) Spells: 3 memorised, 4 levels left

rFire  . . .     SeeInvis .     h - +3 dagger
rCold  . . .     Gourm    .     n - +0 leather armour
rNeg   . . .     Faith    .     (no shield)
rPois  .         Spirit   .     (helmet restricted)
rElec  .         Dismiss  .     d - +0 cloak
rCorr  .         Reflect  .     (no gloves)
SustAt .         Harm     .     (boots unavailable)
MR     .....                    (no amulet)
Stlth  ++........               (no ring)
                                (no ring)

@: not resistant to hostile enchantments, unstealthy
A: beak, talons 3, able to fly 1
a: Fly


You escaped.
You were hungry.

You visited 1 branch of the dungeon, and saw 3 of its levels.

You collected 92 gold pieces.

Inventory:

Hand Weapons
 h - a +3 dagger (weapon)
 l - a +0 hunting sling
Missiles
 m - 27 stones
 q - 2 javelins (quivered)
 x - 12 sling bullets
Armour
 a - a +0 robe
 d - a +0 cloak (worn)
 n - a +0 leather armour (worn)
Jewellery
 e - an uncursed amulet of guardian spirit
 t - an uncursed ring of ice
Scrolls
 g - a scroll of random uselessness {unknown}
 i - a scroll of immolation
 k - a scroll of recharging {unknown}
 o - 2 scrolls of enchant weapon
 p - a scroll of remove curse {unknown}
 r - a scroll of fear
 s - 3 scrolls of teleportation {unknown}
 u - 2 scrolls of magic mapping
Potions
 v - a potion of might
 w - a potion of curing
 z - a potion of cancellation
Books
 b - a book of Air

   Spells                             Type                      Level
   a - Shock                          Conjuration/Air              1
   b - Swiftness                      Charms/Air                   2
   c - Repel Missiles                 Charms/Air                   2
   d - Static Discharge               Conjuration/Air              3
   e - Lightning Bolt                 Conjuration/Air              5
Comestibles
 c - 5 bread rations
 f - 2 fruits
 j - a meat ration


   Skills:
 - Level 2.1 Dodging
 - Level 2.0 Stealth
 - Level 0.7 Unarmed Combat
 - Level 2.0 Spellcasting
 + Level 4.9 Conjurations
 + Level 1.3 Charms
 + Level 6.6 Air Magic


You had 4 spell levels left.
You knew the following spells:

 Your Spells              Type           Power        Failure   Level  Hunger
a - Shock                 Conj/Air       ###.         2%          1    #......
b - Swiftness             Chrm/Air       ###.....     10%         2    ###....
c - Repel Missiles        Chrm/Air       ###...       10%         2    ###....


Dungeon Overview and Level Annotations

Branches:
Dungeon (3/15)

Altars:
Dithmenos
Sif Muna


Innate Abilities, Weirdness & Mutations

You have a beak for a mouth.
You have claws for feet.
You can fly.


Message History

The hobgoblin closely misses you. The hobgoblin misses you.
You are feeling hungry.
You hit the hobgoblin.
You claw the hobgoblin, but do no damage.
The hobgoblin is severely wounded.
The hobgoblin hits you with a club.
Your leather armour prevents you from hitting the hobgoblin.
Your peck misses the hobgoblin.
The hobgoblin is severely wounded.
The hobgoblin misses you.
You hit the hobgoblin.
You kill the hobgoblin!
Things that are here:
a club; a hobgoblin corpse You see here a club.
There is an open door here.
There is a staircase leading out of the dungeon here.
Are you sure you want to leave the Dungeon?
This will make you lose the game!
You have escaped!

.##.##########.#.#
####....#.#.). .##.#
#.#.# ######..... ....#
#.#.# #..... .####
#...# #..... .######
############### #.....
......# #.#.#.#.#.#.#.#
##.... #####.#
#'#'#'#'#'#'#'# #....
#.####.#.#.#.#.#.#.####
#....
#)#.'.......@.......'.#
#....
#.####.#.#.#.#.#.#.####
#.... #.#
#'#'#'#'#'#'#'# #....
#.# #.#.#.#.#.#.#.#
#####
#.##########.#######
#####...)........#
......############
#######


There were no monsters in sight!

Vanquished Creatures
  A quasit (D:3)
  2 hounds (D:2)
  A gnoll (D:2)
  7 adders
  An ooze (D:1)
  2 worms (D:2)
  4 dart slugs
  A giant gecko (D:2)
  9 bats
  3 giant cockroaches
  9 goblins
  5 hobgoblins
  8 jackals
  4 quokkas
  4 ball pythons
  A giant newt (D:1)
  4 kobolds
  7 rats
73 creatures vanquished.

Notes
Turn   | Place    | Note
--------------------------------------------------------------
     0 | D:1      | FitzyFitz the Tengu Air Elementalist began the quest for the Orb.
     0 | D:1      | Reached XP level 1. HP: 10/10 MP: 4/4
   446 | D:1      | Reached XP level 2. HP: 11/15 MP: 0/6
   945 | D:1      | Reached XP level 3. HP: 17/19 MP: 7/7
   974 | D:1      | Reached skill level 5 in Air Magic
  1782 | D:2      | Learned a level 2 spell: Swiftness
  1785 | D:2      | Learned a level 2 spell: Repel Missiles
  1820 | D:2      | Reached XP level 4. HP: 20/24 MP: 1/8
  2445 | D:2      | Gained mutation: You can fly. [Tengu growth]
  2445 | D:2      | Reached XP level 5. HP: 21/28 MP: 3/9
  2519 | D:2      | Found a shadowy altar of Dithmenos.
  2669 | D:2      | Reached skill level 6 in Air Magic
  2671 | D:2      | Reached skill level 1 in Charms
  2997 | D:3      | Reached XP level 6. HP: 17/32 MP: 3/10
  3306 | D:3      | Found a deep blue altar of Sif Muna.
  3667 | D:$      | Got out of the dungeon alive.

Vault maps used:
D:1:      onia_arrival_larder
D:2:      old_standard_altar, nicolae_overflow_hidden_temple,
          minmay_misc_feat_rows, cheibrodos_gnoll_hut
D:3:      lemuel_doored_altar, overflow_temple_1_default, first_bread,
          minmay_ruptured

Skill      XL: |  1  2  3  4  5 |
---------------+----------------+-----
Conjurations   | 2 3 4 |  4.9
Air Magic      | 5 6 |  6.6
Charms         | 1 |  1.3
Dodging        | |  2.1
Stealth        | |  2.0
Unarmed Combat | |  0.7
Spellcasting   | |  2.0

Action                   |  1- 3 |  4- 6 || total
-------------------------+-------+-------++-------
Melee: Unarmed           |    26 |       ||    26
       Kick              |    12 |    11 ||    23
       Peck              |     8 |     6 ||    14
       Dagger            |    48 |    58 ||   106
 Cast: Shock             |    22 |    38 ||    60
  Use: Potion            |       |     1 ||     1
       Scroll            |       |     6 ||     6
 Stab: Sleeping          |     4 |     3 ||     7
       Distracted        |       |     1 ||     1
  Eat: Chunk             |     3 |     6 ||     9
Armor: Robe              |    21 |    26 ||    47
       Leather armour    |       |     7 ||     7
Dodge: Dodged            |    57 |    81 ||   138
